 Dungeon Crawl Stone Soup version 0.22.0-49-gab54619 (webtiles) character file.

4200 Lew the Cleaver (level 10, -3/81 HPs)
             Began as a Minotaur Fighter on Sept 3, 2018.
             Was a Believer of Okawaru.
             Shot with an arrow by a centaur (4 damage)
             ... on level 9 of the Dungeon.
             The game lasted 00:18:26 (7346 turns).

Lew the Cleaver (Minotaur Fighter)                  Turns: 7346, Time: 00:18:27

Health: -3/81      AC:  7    Str: 20    XL:     10   Next: 8%
Magic:  9/9        EV: 10    Int:  5    God:    Okawaru [**....]
Gold:   179        SH: 12    Dex: 14    Spells: 9/9 levels left

rFire    + . .     SeeInvis .   q - +8 autumn katana {slice, Clar}
rCold    + . .     Gourm    .   c - +2 shield
rNeg     + . .     Faith    .   b - +0 scale mail
rPois    .         Spirit   .   (helmet unavailable)
rElec    .         Reflect  .   s - scarf {rC+ rF+}
rCorr    .         Harm     .   (no gloves)
MR       +....     Clarity  +   (no boots)
Stlth    ..........             (no amulet)
HPRegen  0.23/turn              r - ring of positive energy
MPRegen  0.11/turn              k - ring of protection from magic

@: very slightly contaminated
A: retaliatory headbutt, horns 3, subdued magic 1
a: Heroism, Renounce Religion


You were on level 9 of the Dungeon.
You worshipped Okawaru.
Okawaru was pleased with you.
You were hungry.

You visited 2 branches of the dungeon, and saw 10 of its levels.
You also visited: Sewer.

You collected 447 gold pieces.
You spent 268 gold pieces at shops.

Inventory:

Hand Weapons
 a - a +4 war axe
 q - the +8 autumn katana (weapon) {slice, Clar}
   (You found it on level 6 of the Dungeon)

   It inflicts extra damage upon your enemies.
   It protects you against confusion.
Armour
 b - a +0 scale mail (worn)
 c - a +2 shield (worn)
 s - a scarf of resistance (worn)
Jewellery
 k - a ring of protection from magic (right hand)
 r - a ring of positive energy (left hand)
Wands
 i - a wand of iceblast (6)
Scrolls
 h - a scroll of teleportation
 j - a scroll of amnesia
 o - a scroll of remove curse
Potions
 d - a potion of resistance
 e - 2 potions of mutation
 g - 2 potions of flight
 p - a potion of curing
Comestibles
 f - 7 rations


   Skills:
 - Level 5.0 Fighting
 * Level 10.7 Long Blades
 - Level 11.0 Axes
 - Level 5.0 Armour
 - Level 5.0 Dodging
 - Level 5.0 Shields


You had 9 spell levels left.
You didn't know any spells.
Your spell library contained the following spells:

 Spells                   Type           Power        Failure   Level  Hunger
 Confusing Touch          Hex            #.....       99%         1    ##.....
 Magic Dart               Conj           #...         99%         1    ##.....
 Sandblast                Erth           #.....       99%         1    ##.....
 Blink                    Tloc           N/A          100%        2    ###....
 Call Imp                 Summ           #.......     100%        2    ###....
 Passwall                 Tmut/Erth      #.......     100%        2    ###....
 Slow                     Hex            #.......     100%        2    ###....
 Confuse                  Hex            #.......     100%        3    ####...
 Conjure Flame            Conj/Fire      #.......     100%        3    ####...
 Gell's Gravitas          Tloc           #.........   100%        3    ####...
 Mephitic Cloud           Conj/Pois/Air  #.......     100%        3    ####...
 Stone Arrow              Conj/Erth      #.....       100%        3    ####...
 Petrify                  Tmut/Erth      #.......     100%        4    #####..
 Lee's Rapid Deconstruct  Erth           #.........   100%        5    ######.
 Metabolic Englaciation   Hex/Ice        #.........   100%        5    ######.
 Yara's Violent Unravell  Hex/Tmut       #.........   100%        5    ######.


Dungeon Overview and Level Annotations

Branches:
Dungeon (9/15)             Temple (1/1) D:6
   Lair: D:8-11         Orc: D:9-12

Altars:
Ashenzari
Cheibriados
Dithmenos
Elyvilon
Fedhas
Gozag
Hepliaklqana
Kikubaaqudgha
Makhleb
Nemelex Xobeh
Okawaru
Qazlal
Ru
Sif Muna
Trog
Uskayaw
Vehumet
Wu Jian
Xom
Yredelemnul
Zin
The Shining One

Shops:
D:4 !?}%   D:7 ?


Innate Abilities, Weirdness & Mutations

You reflexively headbutt those who attack you in melee.
You have a pair of large horns on your head.
Your spells are a little easier to cast, but a little less powerful.


Message History

Okay, then.
You lop one of the six-headed hydra's heads off!
The five-headed hydra grows two more!
You hit the seven-headed hydra.
You headbutt the seven-headed hydra, but do no damage.
The seven-headed hydra is severely wounded.
The centaur shoots an arrow.
The arrow closely misses you.
A warg comes into view.
The seven-headed hydra closely misses you.
The seven-headed hydra completely misses you.
The seven-headed hydra bites you!
* * * LOW HITPOINT WARNING * * *
The seven-headed hydra misses you. The seven-headed hydra bites you!
* * * LOW HITPOINT WARNING * * *
You block the seven-headed hydra's attack.
The seven-headed hydra bites you!
* * * LOW HITPOINT WARNING * * *
Okay, then.
Okay, then.
The centaur shoots an arrow.
The arrow hits you.
You die...

.#..#.#♣ ##.#.#.#.#..#
+#D#.⌠.# #.⌠.###.⌠.#.#
....#.###♣#.#.#.#.#..#
....####.#.#.#.####.##
....D##.⌠.###.⌠.##.#######
....#.##.#.#.#.##.........
....##..#.....#...........
....###D..##...D.....h....
....# #####..#.#@....c....
....# #.........<.......
....# #.................
.... ...................
....................
....................
............########
##########


You could see a seven-headed hydra, a warg and a centaur.

Vanquished Creatures
  A deep elf mage (D:9)
  A hippogriff (D:8)
  A steam dragon (D:8)
  A hungry ghost (D:7)
  An orc warrior (D:8)
  A black bear (D:8)
  A sky beast (D:9)
  3 ogres
  2 ice beasts (D:5)
  A centaur (D:9)
  2 phantoms
  A gnoll sergeant (D:8)
  6 bullfrogs
  A wyvern zombie (D:9)
  4 scorpions
  6 wights
  4 howler monkeys
  5 crimson imps
  3 jellies
  3 hounds
  An orc priest (D:5)
  A bullfrog skeleton (D:4)
  2 centaur skeletons
  Terence (D:3)
  2 iguanas
  5 orc wizards
  4 worker ants
  A hound zombie (D:6)
  Robin (D:2)
  12 adders
  17 gnolls
  A shadow imp (D:7)
  14 oozes (Sewer)
  An adder zombie (D:5)
  2 adder skeletons
  2 worms (D:4)
  A dart slug (D:2)
  7 leopard geckos
  32 orcs
  11 giant cockroaches
  18 goblins
  11 hobgoblins
  11 jackals
  4 quokkas
  10 ball pythons
  9 bats
  18 frilled lizards
  9 kobolds
  10 rats
266 creatures vanquished.

Notes
Turn   | Place    | Note
-------+----------+-------------------------------------------
     0 | D:1      | Lew the Minotaur Fighter began the quest for the Orb.
     0 | D:1      | Reached XP level 1. HP: 19/19 MP: 0/0
   126 | D:1      | Reached XP level 2. HP: 22/27 MP: 1/1
   323 | D:1      | Reached skill level 1 in Dodging
   483 | D:2      | Reached XP level 3. HP: 25/33 MP: 2/2
   516 | D:2      | Reached skill level 3 in Axes
   834 | D:2      | Noticed Robin
   840 | D:2      | Reached XP level 4. HP: 40/40 MP: 3/3
   846 | D:2      | Killed Robin
  1305 | D:3      | Gained mutation: You evolve. [potion of mutation]
  1305 | D:3      | Gained mutation: You have a pair of large horns on your
                  | head. [potion of mutation]
  1464 | D:3      | Reached XP level 5. HP: 45/47 MP: 4/4
  1593 | D:3      | Noticed Terence
  1602 | D:3      | Killed Terence
  1715 | D:3      | Found a deep blue altar of Sif Muna.
  1873 | D:4      | Found Lischieq's Gadget Shop.
  2037 | D:4      | Gained mutation: Your spells are a little easier to cast,
                  | but a little less powerful. [evolution]
  2037 | D:4      | Lost mutation: You evolve. [end of evolution]
  2041 | D:4      | Reached skill level 4 in Axes
  2041 | D:4      | Reached XP level 6. HP: 21/55 MP: 5/5
  2069 | D:4      | Found a glowing drain.
  2080 | D:4      | Reached skill level 5 in Fighting
  2080 | D:4      | Reached skill level 5 in Shields
  2080 | D:4      | Reached skill level 5 in Armour
  2118 | Sewer    | Entered a sewer
  2464 | Sewer    | Reached skill level 5 in Axes
  2464 | Sewer    | Reached XP level 7. HP: 48/61 MP: 6/6
  2634 | D:4      | Found Zairezoj's Food Shop.
  2635 | D:4      | Found Daneneus's Magic Scroll Shop.
  2639 | D:4      | Found Oshuxucy's Distillery.
  2692 | D:4      | Bought a potion of mutation for 96 gold pieces
  2904 | D:4      | Bought a scroll of enchant weapon for 75 gold pieces
  2923 | D:5      | Entered Level 5 of the Dungeon
  3076 | D:5      | Reached skill level 6 in Axes
  3117 | D:5      | Reached skill level 5 in Dodging
  3149 | D:5      | Reached skill level 7 in Axes
  3325 | D:5      | Reached XP level 8. HP: 63/68 MP: 7/7
  3338 | D:5      | Reached skill level 8 in Axes
  3403 | D:5      | Reached skill level 9 in Axes
  3589 | D:6      | Reached skill level 10 in Axes
  3607 | D:6      | Found a staircase to the Ecumenical Temple.
  3660 | Temple   | Entered the Ecumenical Temple
  3730 | Temple   | Became a worshipper of Warmaster Okawaru
  4051 | D:6      | Found a white marble altar of Elyvilon.
  4308 | D:6      | Found a bloodstained altar of Trog.
  4326 | D:6      | Found the +8 autumn katana {slice, Clar}
  4627 | D:6      | Reached skill level 1 in Long Blades
  4945 | D:7      | Found Waqiam's Magic Scroll Shop.
  4951 | D:7      | Bought a scroll of enchant weapon for 97 gold pieces
  5023 | D:7      | Reached XP level 9. HP: 74/74 MP: 8/8
  5173 | D:7      | Reached * piety under Okawaru
  5345 | D:7      | Found a bloodstained altar of Trog.
  5354 | D:7      | Reached skill level 11 in Axes
  5364 | D:7      | Reached skill level 5 in Long Blades
  5843 | D:8      | Noticed a freezing wraith
  5844 | D:8      | Noticed a freezing wraith
  5845 | D:8      | Noticed a death knight
  5845 | D:8      | Noticed a freezing wraith
  6594 | D:8      | Reached ** piety under Okawaru
  6839 | D:8      | HP: 3/74 [death knight/battleaxe of chopping (9)]
  7289 | D:9      | Noticed a deep elf mage
  7292 | D:9      | Reached skill level 10 in Long Blades
  7299 | D:9      | Killed a deep elf mage
  7299 | D:9      | Reached XP level 10. HP: 64/81 MP: 9/9
  7308 | D:9      | Noticed a four-headed hydra
  7345 | D:9      | HP: 1/81 [seven-headed hydra (11)]
  7346 | D:9      | Shot with an arrow by a centaur

Skill      XL: |  1  2  3  4  5  6  7  8  9 |
---------------+----------------------------+-----
Dodging        | 1 2 4 5 |  5.0
Fighting       | 4 5 |  5.0
Shields        | 4 5 |  5.0
Armour         | 4 5 |  5.0
Axes           | 3 4 5 7 10 11 | 11.0
Long Blades    | 3 10 | 10.7

Action                   |  1- 3 |  4- 6 |  7- 9 | 10-12 || total
-------------------------+-------+-------+-------+-------++-------
Melee: War axe           |    80 |   230 |   122 |       ||   432
       Headbutt          |    15 |    37 |    41 |     1 ||    94
       Katana            |       |       |   139 |     9 ||   148
Evoke: Wand              |       |       |       |     4 ||     4
  Use: Scroll            |       |     8 |    13 |     1 ||    22
       Potion            |       |     6 |     2 |       ||     8
 Stab: Invisible         |       |     2 |       |       ||     2
  Eat: Chunk             |       |     5 |     9 |       ||    14
       Ration            |       |       |     2 |       ||     2
Armor: Scale mail        |    49 |   118 |    66 |     2 ||   235
Dodge: Dodged            |    29 |   104 |    94 |    11 ||   238
Block: Shield            |    59 |   177 |   127 |    10 ||   373
       Rpst.: Katana     |       |       |    14 |     2 ||    16
